 Dungeon Crawl Stone Soup version 0.17.0-28-g6e173f8 (webtiles) character file.

252 Lathuz the Conjurer (level 5, -3/28 HPs)
             Began as a Deep Elf Conjurer on Nov 29, 2015.
             Slain by an ogre
             ... wielding a +0 giant spiked club
              (26 damage)
             ... on level 6 of the Dungeon.
             The game lasted 00:16:27 (3638 turns).

Lathuz the Conjurer (Deep Elf Conjurer)             Turns: 3638, Time: 00:16:27

Health: -3/28      AC:  3    Str:  6    XL:     5   Next: 89%
Magic:  5/11       EV: 13    Int: 20    God:
Gold:   139        SH:  0    Dex: 15    Spells: 3 memorised, 2 levels left

rFire  + . .     SeeInvis .     h - +0 dagger
rCold  x . .     Clarity  .     a - +0 robe
rNeg   . . .     SustAt   .     (no shield)
rPois  .         Gourm    .     (no helmet)
rElec  .         Spirit   .     (no cloak)
rCorr  .         Warding  .     (no gloves)
rMut   .         Stasis   .     q - +0 pair of boots
MR     .....                    (no amulet)
Stlth  +++.......               u - ring of stealth
                                n - ring of fire

@: not resistant to hostile enchantments, fairly stealthy
A: no striking features
a: no special abilities


You were on level 6 of the Dungeon.
You were hungry.

You visited 2 branches of the dungeon, and saw 7 of its levels.

You collected 139 gold pieces.

Inventory:

Hand Weapons
 h - a +0 dagger (weapon)
Missiles
 i - 128 stones (quivered)
Armour
 a - a +0 robe (worn)
 q - a +0 pair of boots (worn)
Jewellery
 n - a ring of fire (left hand)
 o - an uncursed ring of teleportation
 u - a ring of stealth (right hand)
Scrolls
 e - a scroll of teleportation {unknown}
 f - 3 scrolls of magic mapping
 l - a scroll of recharging {unknown}
 p - 3 scrolls of identify {unknown}
Potions
 d - 2 potions of heal wounds {unknown}
 j - a potion of lignification {unknown}
 k - a potion of magic {unknown}
 m - a potion of haste {unknown}
 r - a potion of mutation {unknown}
 s - a potion of resistance {unknown}
Books
 b - a book of Conjurations

   Spells                             Type                      Level
   a - Magic Dart                     Conjuration                  1
   b - Searing Ray                    Conjuration                  2
   c - Dazzling Spray                 Conjuration/Hexes            3
   d - Fulminant Prism                Conjuration/Hexes            4
   e - Iskenderun's Mystic Blast      Conjuration                  4
   f - Iskenderun's Battlesphere      Conjuration/Charms           5
Comestibles
 c - 3 bread rations
 g - 2 meat rations


   Skills:
 - Level 2.4 Dodging
 - Level 2.4 Stealth
 - Level 3.0 Spellcasting
 + Level 7.5 Conjurations
 + Level 2.7 Charms


You had 2 spell levels left.
You knew the following spells:

 Your Spells              Type           Power        Failure   Level  Hunger
a - Magic Dart            Conj           ####         1%          1    None
b - Searing Ray           Conj           ####..       1%          2    ##.....
c - Iskenderun's Battles  Conj/Chrm      ###.....     58%         5    ######.


Dungeon Overview and Level Annotations

Branches:
Dungeon (7/15)             Temple (1/1) D:4

Altars:
Ashenzari
Cheibriados
Dithmenos
Elyvilon
Gozag
Kikubaaqudgha
Makhleb
Nemelex Xobeh
Okawaru
Ru
Sif Muna
Trog
Yredelemnul
Zin


Message History

The magic dart hits the ogre.
The ogre is almost dead.
The ogre hits you with a giant spiked club.
Casting: Magic Dart
Confirm with . or Enter, or press ? or * to list all spells.
Aiming: Magic Dart
Press: ? - help, Shift-Dir - straight line, f/p - ogre
Aim: an ogre, wielding a giant spiked club (almost dead)
The magic dart hits the ogre.
The ogre is almost dead.
Casting: Magic Dart
Confirm with . or Enter, or press ? or * to list all spells.
Aiming: Magic Dart
Press: ? - help, Shift-Dir - straight line, f/p - ogre
Aim: an ogre, wielding a giant spiked club (almost dead)
The magic dart hits the ogre.
The ogre is almost dead.
The ogre hits you with a giant spiked club!!
Ouch! That really hurt!
You die...

# ##.########
##......O..#
.......@...#
...........#
...........#
......)......
...#...........
.. ............
. .####........
.. #a.......


You could see an ogre and a worker ant (sleeping).

Vanquished Creatures
  A water moccasin skeleton (D:4)
  A giant frog skeleton (D:4)
  An iguana (D:4)
  6 adders
  3 oozes
  3 worms (D:3)
  A giant gecko (D:3)
  5 orcs (D:3)
  A ball python (D:1)
  7 bats
  13 hobgoblins
  2 jackals (D:3)
  2 quokkas
  6 giant cockroaches
  5 giant newts
  6 goblins
  7 kobolds
  10 rats
80 creatures vanquished.

Notes
Turn   | Place    | Note
--------------------------------------------------------------
     0 | D:1      | Lathuz the Deep Elf Conjurer began the quest for the Orb.
     0 | D:1      | Reached XP level 1. HP: 10/10 MP: 6/6
   173 | D:1      | Reached skill level 5 in Conjurations
   173 | D:1      | Reached XP level 2. HP: 15/15 MP: 2/8
   828 | D:2      | Reached XP level 3. HP: 19/19 MP: 3/9
  1018 | D:2      | Reached skill level 6 in Conjurations
  1048 | D:2      | Learned a level 2 spell: Searing Ray
  1068 | D:2      | Reached XP level 4. HP: 24/24 MP: 5/10
  1319 | D:2      | Found a glowing silver altar of Zin.
  2309 | D:3      | Found a sparkling altar of Nemelex Xobeh.
  2629 | D:3      | Found a white marble altar of Elyvilon.
  2650 | D:3      | Reached XP level 5. HP: 28/28 MP: 9/11
  2708 | D:3      | Reached skill level 7 in Conjurations
  2859 | D:3      | Learned a level 5 spell: Iskenderun's Battlesphere
  3117 | D:4      | Reached skill level 1 in Charms
  3483 | D:4      | Found a staircase to the Ecumenical Temple.
  3489 | Temple   | Entered the Ecumenical Temple
  3622 | D:4      | You fall through a shaft for 3 floors!
  3622 | D:7      | Noticed an ogre
  3638 | D:6      | Slain by an ogre

Action                   |  1- 3 |  4- 6 || total
-------------------------+-------+-------++-------
Melee: Dagger            |       |     3 ||     3
Throw: Stone             |       |     1 ||     1
 Cast: Magic Dart        |    61 |   119 ||   180
       Searing Ray       |       |     7 ||     7
  Use: Scroll            |       |     2 ||     2
  Eat: Chunk             |       |     8 ||     8
